 Dungeon Crawl Stone Soup version 0.31-a0-1074-g0b22e4e0f1 (webtiles) character file.

Game seed: 12677675269969383900

400 Jeffwins the Shooter (level 6, 0/29 HPs)
             Began as a Vine Stalker Hexslinger on Dec 6, 2023.
             Slain by Edmund
             ... wielding a +2 flail of protection
              (5 damage)
             ... on level 4 of the Dungeon.
             The game lasted 00:04:52 (2845 turns).

Jeffwins the Shooter (Vine Stalker Hexslinger)      Turns: 2845, Time: 00:04:52

Health: 0/29       AC:  6    Str: 10    XL:     6   Next: 84%
Magic:  0/10       EV: 12    Int: 15    God:
Gold:   143        SH:  0    Dex: 17    Spells: 2/9 levels left

rFire   . . .        a - +1 sling
rCold   . . .        (no shield)
rNeg    . . .        (no body armour)
rPois   .            q - +0 helmet
rElec   .            (no cloak)
rCorr   .            f - +0 pair of gloves
SInv    .            (no boots)
Will    .....        (no amulet)
Stlth   ++           O - +4 ring of protection
HPRegen 1.04/turn    (no ring)
MPRegen 0.12/turn

%: guardian spirit
@: no status effects
A: fangs 2, regeneration 1, magic shield, antimagic bite, no potion heal 2
a: no special abilities


You were on level 4 of the Dungeon.
You visited 1 branch of the dungeon, and saw 4 of its levels.

You collected 143 gold pieces.


Innate Abilities, Weirdness & Mutations

You have extremely sharp teeth.
Your natural rate of healing is unusually fast.
When hurt, damage is shared between your health and your magic reserves.
Your bite disrupts and absorbs the magic of your enemies.
Potions cannot restore your health.


   Skills:
 - Level 0.8 Fighting
 * Level 4.1 Ranged Weapons
 + Level 1.9 Throwing
 - Level 1.5 Dodging
 + Level 3.0 Stealth
 * Level 2.0 Spellcasting
 * Level 1.0 Conjurations
 * Level 3.5 Hexes
 * Level 1.4 Translocations
 - Level 1.0 Fire Magic
 * Level 0.9 Air Magic
 + Level 0.7 Poison Magic
 + Level 0.1 Evocations


You had 2 spell levels left.
You knew the following spells:

 Your Spells              Type           Power      Damage    Failure   Level
m - Mephitic Cloud        Conj/Pois/Air  4%         N/A       41%         3
X - Dimensional Bullseye  Hex/Tloc       4%         N/A       61%         4

Your spell library contained the following spells:

 Spells                   Type           Power      Damage    Failure   Level
 Jinxbite                 Hex            24%        N/A       8%          2
 Static Discharge         Conj/Air       8%         3-4/arc   22%         2
 Poisonous Vapours        Pois/Air       8%         N/A       24%         2
 Cigotuvi's Dreadful Rot  Necr/Pois/Air  6%         N/A       26%         2
 Wereblood                Tmut           1%         N/A       32%         2
 Sigil of Binding         Hex            12%        N/A       16%         3
 Inner Flame              Hex/Fire       8%         N/A       26%         3
 Teleport Other           Tloc           6%         N/A       34%         3
 Cause Fear               Hex            6%         N/A       45%         4
 Flame Wave               Conj/Fire      4%         2d5       82%         4
 Sticky Flame             Conj/Fire      4%         2d3       82%         4
 Dispel Undead            Necr           1%         3d6       91%         4
 Freezing Cloud           Conj/Ice/Air   1%         6-21      99%         5
 Irradiate                Conj/Tmut      1%         3d12      99%         5
 Death Channel            Necr           0%         N/A       100%        6
 Malign Gateway           Summ/Tloc      1%         N/A       100%        7

Inventory:

Hand Weapons
 a - a +1 sling (weapon)
Armour
 c - a +0 robe
 f - a +0 pair of gloves (worn)
 q - a +0 helmet (worn)
 s - the +0 robe "Xouclicw" {Harm Fly Will- Slay+3}
   (You took it off a goblin on level 4 of the Dungeon)

   Slay+3:    It affects your accuracy & damage with ranged weapons and melee
   (+3).
   Will-:     It decreases your willpower.
   Fly:       It grants you flight.
   Harm:      It increases damage dealt and taken.
Jewellery
 L - a ring of flight
 O - a +4 ring of protection (left hand)
Wands
 r - a wand of roots (4)
Scrolls
 b - a scroll of poison {!r}
 d - 3 scrolls of enchant weapon {unknown}
 e - a scroll of immolation {unknown}
 i - a scroll of noise {unknown}
 j - a scroll of fog {unknown}
 k - 2 scrolls of vulnerability {unknown}
 n - 2 scrolls of identify {unknown}
 o - a scroll of butterflies {unknown}
Potions
 h - a potion of enlightenment {unknown}
 l - a potion of mutation {unknown}
 m - a potion of magic {unknown}
 p - 3 potions of curing {unknown}

Dungeon Overview and Level Annotations

Branches:
Dungeon (4/15)
 Temple: D:4-7

Altars:

Shops:
D:4 ([

Annotations:
D:4 Edmund

.▓.▓.▓.▓.▓ ▓ ▓##+###
▓.▓.▓.▓.▓.▓.▓.#....#
▓.▓.▓.▓.▓.▓.▓#..((#
.▓.▓.▓.▓..........#
▓.▓.▓.▓.▓.PPP.....#
.▓.▓.▓.▓..P∩......#
.▓.▓.>.▓.▓..P...∩..##
▓.▓.▓.▓.▓....@.......
▓.▓.▓.▓.▓..@▓#######
▓ ▓.▓.▓.▓.▓.▓)# )▓
.▓.▓.▓.▓.▓.▓# ▓.▓
.▓.▓.▓.▓.▓.▓...#
▓.▓.▓)▓.▓.▓.▓.▓+...#
.▓.▓.▓.▓.▓)▓.▓.▓...#
.▓.▓?▓.▓.▓.▓.▓.▓+...#
▓.▓†▓.▓.▓.▓.▓.▓.▓...#
▓.▓.▓.▓.▓.▓.▓.▓.▓###


You could see Edmund.


Message History

Okay, then.
Okay, then.
Aiming: Fastroot
Press: ? - help, Shift-Dir - straight line, f/p - Edmund
Aim: Edmund, wielding a +2 flail of protection and wearing a +1 scale mail of poison resistance (lightly wounded)
The roots erupt in riotous growth!
Roots grab Edmund.
The grasping roots constrict Edmund, but do no damage.
You hear an angry hiss.
You hear a shout!
Edmund closely misses you.
You shoot a sling bullet.
The sling bullet hits Edmund but does no damage.
Edmund is lightly wounded.
The grasping roots constrict Edmund.
The roots release their grip on Edmund.
Edmund hits you with a +2 flail of protection!
* * * LOW HITPOINT WARNING * * *
Edmund hits you with a +2 flail of protection!
* * * LOW HITPOINT WARNING * * *
Aiming: Fastroot
Press: ? - help, Shift-Dir - straight line, f/p - Edmund
Aim: Edmund, wielding a +2 flail of protection and wearing a +1 scale mail of poison resistance (moderately wounded)
The roots erupt in riotous growth!
Roots grab Edmund.
The grasping roots constrict Edmund, but do no damage.
Edmund closely misses you.
The grasping roots constrict Edmund, but do no damage.
The roots release their grip on Edmund.
Edmund attacks as he pursues you!
Edmund hits you with a +2 flail of protection.
You die...
Edmund says, "That'll show my brother!"

Skill      XL: |  1  2  3  4  5  6 |
---------------+-------------------+-----
Ranged Weapons | 2 3 4 |  4.1
Stealth        | 1 2 3 |  3.0
Throwing       | 1 |  1.9
Translocations | 1 |  1.4
Spellcasting   | 2 |  2.0
Conjurations   | 1 |  1.0
Fighting       | |  0.8
Dodging        | |  1.5
Hexes          | |  3.5
Fire Magic     | |  1.0
Air Magic      | |  0.9
Poison Magic   | |  0.7
Evocations     | |  0.1

Action                     |  1- 3 |  4- 6 || total
---------------------------+-------+-------++-------
   Fire: Sling             |    83 |   221 ||   304
  Throw: Dart              |       |     6 ||     6
  Evoke: Wand              |       |     3 ||     3
 Armour: Robe              |    32 |    60 ||    92
         Skin              |       |    10 ||    10
  Dodge: Dodged            |    35 |    69 ||   104

Levels and vault maps discovered:
D:1:      minmay_arrival_diagonal_passages, layout_basic, nicolae_hexahallways,
          nicolae_titane
D:2:      layout_loops_cross, serial_glass, glass_columns_a, glass_columns_a,
          amethyst_killhole
D:3:      layout_rooms, guppyfry_early_lair_pool, uniq_robin
D:4:      layout_basic, serial_shops, nicolae_shop_overgrown_old_shop,
          nicolae_shop_behind_doors, shop, nicolae_take_the_stairs, shop,
          ebering_ghost_disaster_area, uniq_ijyb, uniq_duvessa, uniq_sigmund,
          uniq_edmund

Notes
Turn   | Place    | Note
-------+----------+-------------------------------------------
     0 | D:1      | Jeffwins the Vine Stalker Hexslinger began the quest for
                  | the Orb.
     0 | D:1      | Reached XP level 1. HP: 9/9 MP: 3/3
    59 | D:1      | Got Sif Muna's Omnibus of the Traveller and Haze
   190 | D:1      | Reached skill level 2 in Ranged Weapons
   624 | D:1      | Reached XP level 2. HP: 10/14 MP: 2/4
  1165 | D:2      | Reached skill level 1 in Stealth
  1165 | D:2      | Reached XP level 3. HP: 16/17 MP: 3/5
  1244 | D:2      | Reached skill level 3 in Ranged Weapons
  1258 | D:2      | Reached skill level 1 in Throwing
  1264 | D:2      | Reached XP level 4. HP: 17/21 MP: 3/6
  1429 | D:2      | Reached skill level 2 in Stealth
  2062 | D:3      | Reached XP level 5. HP: 25/25 MP: 7/7
  2100 | D:3      | Learned a level 4 spell: Dimensional Bullseye
  2103 | D:3      | Noticed Robin
  2113 | D:3      | Killed Robin
  2512 | D:3      | Learned a level 3 spell: Mephitic Cloud
  2560 | D:4      | Reached skill level 4 in Ranged Weapons
  2560 | D:4      | Reached skill level 1 in Translocations
  2560 | D:4      | Reached XP level 6. HP: 12/29 MP: 3/9
  2565 | D:4      | Noticed Ijyb
  2721 | D:4      | Killed Ijyb
  2732 | D:4      | Reached skill level 3 in Stealth
  2780 | D:4      | Reached skill level 2 in Spellcasting
  2780 | D:4      | Reached skill level 1 in Conjurations
  2784 | D:4      | Identified the +0 robe "Xouclicw" {Harm Fly Will- Slay+3}
  2799 | D:4      | Found Tofar's Antique Weapon Shop.
  2801 | D:4      | Found Engegrewn's Antique Armour Shoppe.
  2807 | D:4      | Noticed Edmund
  2845 | D:4      | Slain by Edmund

Vanquished Creatures
  A phantom (D:4)
  2 orc priests (D:4)
  A sleepcap (D:4)
  Ijyb (D:4)
  An orc wizard (D:3)
  Robin (D:3)
  6 adders
  3 gnolls (D:2)
  4 worms
  3 dart slugs
  7 orcs
  3 endoplasms
  A giant cockroach (D:3)
  14 goblins
  8 hobgoblins
  3 kobolds
  3 quokkas
  6 ball pythons
  4 bats
  6 frilled lizards
  4 rats
82 creatures vanquished.

Table legend: (Time is in decaauts)
 A = Elapsed time spent in this place.
 B = Non-inter-level travel time spent in this place.
 C = Inter-level travel time spent in this place.
 D = Time resting spent in this place.
 E = Time spent auto-exploring this place.
 F = Levels seen in this place.
 G = Mean time per level.
                   A        B        C        D        E       F      G
               +--------+--------+--------+--------+--------+-----+--------+
         Total |   2913 |   2803 |    110 |     98 |   2077 |   4 |  728.2 |
       Dungeon |   2913 |   2803 |    110 |     98 |   2077 |   4 |  728.2 |
               +--------+--------+--------+--------+--------+-----+--------+

Top non-repeatable levels by time:
     D:1: 1152 daAuts
     D:2: 812 daAuts
     D:3: 666 daAuts
     D:4: 281 daAuts

Table legend:
 A = Non-vault XP
 B = Vault XP
 C = Vault XP percentage of total XP
 D = Non-vault monster count
 E = Vault monster count
 F = Vault count percentage of total count
                 A         B        C        D         E       F
            +---------+---------+-------+---------+---------+-------
      Total |     499 |      73 |  12.8 |      68 |      14 |  17.1
            +---------+---------+-------+---------+---------+-------
        D:1 |      25 |       0 |   0.0 |      14 |       0 |   0.0
        D:2 |     123 |       0 |   0.0 |      22 |       0 |   0.0
        D:3 |      93 |      37 |  28.5 |      21 |      13 |  38.2
        D:4 |     258 |      36 |  12.2 |      11 |       1 |   8.3
            +---------+---------+-------+---------+---------+-------
